Minnesota North Stars vs Calgary Flames
(R1)
Created - Tuesday, August 29, 2023 at 08:01
Goals
|
| Minnesota North Stars |
0 |
3 |
3 |
6 |
| Calgary Flames |
1 |
2 |
1 |
4 |
|
Shots
|
| Minnesota North Stars |
4 |
16 |
18 |
38 |
| Calgary Flames |
8 |
17 |
12 |
37 |
|
1st period
1. Calgary Flames , Timo Meier 3 (Rafael Harvey-Pinard 1) at 5:15
Penalties :
Ryan McDonagh (CGY) for Interference (Minor) at 1:41, Justin Holl (MNS) for Holding (Minor) at 10:11, Timo Meier (CGY) for Elbowing (Minor) at 14:21, Brandon Montour (MNS) for Hooking (Minor) at 16:42
2nd period
2. Minnesota North Stars , Evgeni Malkin 3 (Jamie Oleksiak 1, Viktor Arvidsson 3) at 10:20
3. Calgary Flames , Sebastian Aho 5 (Zach Hyman 5, Logan Couture 3) at 11:05
4. Minnesota North Stars , Evgeni Malkin 4 (Brandon Montour 2, Viktor Arvidsson 4) at 13:02
5. Calgary Flames , Timo Meier 4 (Logan Couture 4) at 13:37
6. Minnesota North Stars , Jonathan Toews 2 (Adam Lowry 2) at 15:47
Penalties :
Rasmus Dahlin (MNS) for Roughing (Minor) at 0:45
3rd period
7. Minnesota North Stars , Evgeni Malkin 5 (Brandon Montour 3) at 7:39 (PP)
8. Minnesota North Stars , Rasmus Dahlin 3 (Gustav Forsling 2, Antti Raanta) at 13:10
9. Calgary Flames , Ryan McDonagh 1 (Valeri Nichushkin 4, Matthew Tkachuk 8) at 15:55 (PP)
10. Minnesota North Stars , Jeff Skinner 4 (Justin Holl 1) at 18:53 (Empty Net)
Penalties :
Joel Eriksson Ek (CGY) for Delaying the game (Minor) at 7:30, Jamie Oleksiak (MNS) for Cross-checking (Minor) at 14:50, Adam Lowry (MNS) for Hooking (Minor) at 16:09
Goalie Stats
Antti Raanta (MNS), 33 saves from 37 shots - (0.892), W, 4-2-1, 60:00 minutes
Ilya Sorokin (CGY), 32 saves from 37 shots - (0.865), L, 4-2-0, 59:42 minutes
Players Stats for Minnesota North Stars
Player Name G A P +/- PIM S H SB GA TA FO MP PP MP PK MP
------------------------------------------------------------------------------------
Adam Lowry 0 1 1 0 2 0 3 1 0 2 2/2 15:19 0:00 3:22
Alexander Barabanov 0 0 0 0 0 6 0 0 0 0 0/0 14:32 2:01 1:24
Brandon Montour 0 2 2 1 2 1 1 3 2 0 0/0 23:02 2:01 3:31
Derick Brassard 0 0 0 0 0 1 0 0 0 1 0/0 7:53 0:05 0:16
Eeli Tolvanen 0 0 0 0 0 1 0 0 0 0 0/0 7:31 0:00 0:00
Evan Rodrigues 0 0 0 0 0 1 0 0 0 0 0/0 8:04 0:00 0:00
Evgeni Malkin 3 0 3 1 0 6 0 1 0 1 12/22 20:32 2:01 4:30
Frank Vatrano 0 0 0 1 0 1 1 0 0 0 0/0 13:18 0:05 0:00
Gustav Forsling 0 1 1 -1 0 2 3 0 2 1 0/0 22:25 2:06 4:14
Jack Hughes 0 0 0 1 0 1 1 0 0 2 1/2 20:11 2:01 4:15
Jamie Oleksiak 0 1 1 1 2 1 2 1 0 0 0/0 20:51 0:00 4:16
Jeff Skinner 1 0 1 1 0 1 0 0 0 0 0/0 15:09 2:01 0:00
Jonathan Toews 1 0 1 0 0 2 2 1 0 1 8/18 11:46 0:05 0:00
Justin Holl 0 1 1 2 2 1 1 4 0 0 0/0 16:46 0:00 2:44
Neal Pionk 0 0 0 2 0 3 1 0 1 0 0/0 15:56 2:06 0:00
Rasmus Dahlin 1 0 1 -1 2 3 0 0 1 0 0/0 22:15 2:01 3:17
Ryan Nugent-Hopkins 0 0 0 1 0 1 1 0 0 0 9/27 20:11 2:01 4:15
Viktor Arvidsson 0 2 2 1 0 6 0 0 0 0 1/1 15:13 2:01 0:00
Players Stats for Calgary Flames
Player Name G A P +/- PIM S H SB GA TA FO MP PP MP PK MP
------------------------------------------------------------------------------------
Drew Doughty 0 0 0 1 0 2 2 1 0 0 0/0 23:29 4:37 1:40
J.T. Miller 0 0 0 -1 0 2 2 1 0 2 14/23 17:26 4:25 0:00
Jacob Peterson 0 0 0 -2 0 1 0 1 2 0 0/0 6:43 0:00 0:00
Jeff Petry 0 0 0 -2 0 4 4 1 0 1 0/0 23:11 4:24 2:27
Joel Eriksson Ek 0 0 0 1 2 0 0 0 1 1 0/1 15:42 0:00 1:53
Kris Letang 0 0 0 1 0 0 2 3 1 1 0/0 23:29 4:37 1:40
Logan Couture 0 2 2 0 0 3 1 0 0 0 9/18 13:03 0:00 0:00
Mathieu Joseph 0 0 0 -2 0 0 1 0 0 0 0/1 8:47 0:00 2:01
Matthew Tkachuk 0 1 1 -1 0 4 1 0 0 0 1/1 17:47 4:25 0:14
Michael Anderson 0 0 0 -1 0 0 0 1 0 1 0/0 15:05 0:00 1:26
Nic Dowd 0 0 0 -3 0 1 0 0 0 0 1/1 8:41 0:00 1:52
Rafael Harvey-Pinard 0 1 1 0 0 2 2 0 0 0 0/1 15:23 0:00 2:01
Rasmus Andersson 0 0 0 -1 0 0 0 0 0 0 0/0 13:20 0:00 0:00
Ryan McDonagh 1 0 1 -2 2 1 0 1 0 0 0/0 21:44 4:24 1:01
Sebastian Aho 1 0 1 1 0 5 0 0 0 0 12/22 18:51 4:36 0:13
Timo Meier 2 0 2 0 2 4 2 0 0 0 1/2 17:31 4:36 0:00
Valeri Nichushkin 0 1 1 0 0 3 0 0 3 0 0/1 17:23 4:25 0:00
Zach Hyman 0 1 1 1 0 5 1 0 1 0 1/1 18:15 4:36 0:00
3 Stars
1 - Evgeni Malkin (MNS)
2 - Timo Meier (CGY)
3 - Jonathan Toews (MNS)
Power Play
Minnesota North Stars - 1 on 3 Attempt(s) - 33.33%
Calgary Flames - 1 on 5 Attempt(s) - 20.00%
Penalty Kill
Minnesota North Stars - 4 on 5 Attempt(s) - 80.00%
- Score 0 goal in Penalty Kill
Calgary Flames - 2 on 3 Attempt(s) - 66.67%
- Score 0 goal in Penalty Kill
Team Stat
Minnesota North Stars - Hits : 16 - Faceoff Wins : 33 - Blocked Shots : 11 - Penalty Minutes : 10
Calgary Flames - Hits : 18 - Faceoff Wins : 39 - Blocked Shots : 9 - Penalty Minutes : 6
Official
Referees : Justin StPierre and Eric Furlatt
Linesman : Mark Wheler and John Grandt
Game Notes
Evgeni Malkin has scored a Hat Trick!
Jeff Skinner has scored in a empty net!
Finance
Level 1 -- Attendance: 4591 (76.52%) -- Ticket Income $459,100
Level 2 -- Attendance: 3638 (72.76%) -- Ticket Income $218,280
Level 3 -- Attendance: 2312 (77.07%) -- Ticket Income $80,920
Level 4 -- Attendance: 3747 (74.94%) -- Ticket Income $93,675
Luxury Box -- Attendance: 755 (75.50%) -- Ticket Income $151,000
Game was played at the Scotiabank Saddledome.
Total Attendance: 15043 (75.22%)
Total Ticket Income: $1,002,975
Other Income: $351,041
Total Income: $1,354,016
Minnesota North Stars
5 vs 5 Forward
Center Left Wing Right Wing Time % Phy DF OF
1 Ryan Nugent-Hopkins Jeff Skinner Jack Hughes 30 1 2 2
2 Evgeni Malkin Viktor Arvidsson Frank Vatrano 30 1 2 2
3 Jonathan Toews Alexander Barabanov Adam Lowry 25 1 2 2
4 Derick Brassard Eeli Tolvanen Evan Rodrigues 15 1 2 2
5 vs 5 Defense
Defense Defense Time % Phy DF OF
1 Rasmus Dahlin Gustav Forsling 35 1 2 2
2 Jamie Oleksiak Brandon Montour 35 1 2 2
3 Neal Pionk Justin Holl 30 1 2 2
4 Rasmus Dahlin Gustav Forsling 0 1 2 2
PowerPlay Forward
Center Left Wing Right Wing Time % Phy DF OF
1 Ryan Nugent-Hopkins Jeff Skinner Jack Hughes 50 1 2 2
2 Evgeni Malkin Alexander Barabanov Viktor Arvidsson 50 1 2 2
PowerPlay Defense
Defense Defense Time % Phy DF OF
1 Rasmus Dahlin Brandon Montour 50 1 2 2
2 Neal Pionk Gustav Forsling 50 1 2 2
Penalty Kill 4 Players Forward
Center Wing Time % Phy DF OF
1 Ryan Nugent-Hopkins Jack Hughes 50 1 2 2
2 Evgeni Malkin Adam Lowry 50 1 2 2
Penalty Kill 4 Players Defense
Defense Defense Time % Phy DF OF
1 Rasmus Dahlin Gustav Forsling 50 1 2 2
2 Jamie Oleksiak Brandon Montour 50 1 2 2
Penalty Kill - 3 Players Forward
Forward Time % Phy DF OF
1 Ryan Nugent-Hopkins 50 1 2 2
2 Evgeni Malkin 50 1 2 2
Penalty Kill - 3 Players Defense
Defense Defense Time % Phy DF OF
1 Rasmus Dahlin Gustav Forsling 50 1 2 2
2 Jamie Oleksiak Brandon Montour 50 1 2 2
4 vs 4 Forward
Center Wing Time % Phy DF OF
1 Ryan Nugent-Hopkins Jack Hughes 50 1 2 2
2 Evgeni Malkin Jeff Skinner 50 1 2 2
4 vs 4 Defense
Defense Defense Time % Phy DF OF
1 Rasmus Dahlin Brandon Montour 50 1 2 2
2 Jamie Oleksiak Gustav Forsling 50 1 2 2
Last Minutes Offensive
Center Left Wing Right Wing Defense Defense
Ryan Nugent-Hopkins Evgeni Malkin Jack Hughes Rasmus Dahlin Brandon Montour
Last Minutes Defensive
Center Left Wing Right Wing Defense Defense
Ryan Nugent-Hopkins Adam Lowry Jonathan Toews Justin Holl Jamie Oleksiak
Goaltenders
Starting : Antti Raanta
Backup : Stuart Skinner
Extra Forwards
Normal : Adam Lowry, Jonathan Toews, Evan Rodrigues - PP : Jeff Skinner, Jonathan Toews - PK : Adam Lowry
Extra Defensemen
Normal : Neal Pionk, Justin Holl, Rasmus Dahlin - PP : Neal Pionk - PK : Justin Holl, Rasmus Dahlin
Penalty Shots
Ryan Nugent-Hopkins, Evgeni Malkin, Rasmus Dahlin, Evan Rodrigues, Jack Hughes
Calgary Flames
5 vs 5 Forward
Center Left Wing Right Wing Time % Phy DF OF
1 J.T. Miller Matthew Tkachuk Valeri Nichushkin 31 0 1 4
2 Sebastian Aho Zach Hyman Joel Eriksson Ek 30 0 2 3
3 Logan Couture Rafael Harvey-Pinard Timo Meier 29 1 2 2
4 Nic Dowd Jacob Peterson Mathieu Joseph 10 1 2 2
5 vs 5 Defense
Defense Defense Time % Phy DF OF
1 Kris Letang Drew Doughty 35 1 2 2
2 Jeff Petry Ryan McDonagh 35 1 2 2
3 Rasmus Andersson Michael Anderson 30 1 2 2
4 Kris Letang Drew Doughty 0 1 2 2
PowerPlay Forward
Center Left Wing Right Wing Time % Phy DF OF
1 J.T. Miller Matthew Tkachuk Valeri Nichushkin 50 0 0 5
2 Sebastian Aho Zach Hyman Timo Meier 50 0 0 5
PowerPlay Defense
Defense Defense Time % Phy DF OF
1 Kris Letang Drew Doughty 50 0 2 3
2 Jeff Petry Ryan McDonagh 50 0 2 3
Penalty Kill 4 Players Forward
Center Wing Time % Phy DF OF
1 Joel Eriksson Ek Rafael Harvey-Pinard 50 0 5 0
2 Nic Dowd Mathieu Joseph 50 0 5 0
Penalty Kill 4 Players Defense
Defense Defense Time % Phy DF OF
1 Kris Letang Drew Doughty 50 0 3 2
2 Jeff Petry Ryan McDonagh 50 0 3 2
Penalty Kill - 3 Players Forward
Forward Time % Phy DF OF
1 J.T. Miller 50 0 5 0
2 Sebastian Aho 50 0 5 0
Penalty Kill - 3 Players Defense
Defense Defense Time % Phy DF OF
1 Kris Letang Drew Doughty 50 1 2 2
2 Jeff Petry Ryan McDonagh 50 1 2 2
4 vs 4 Forward
Center Wing Time % Phy DF OF
1 J.T. Miller Matthew Tkachuk 50 1 2 2
2 Sebastian Aho Logan Couture 50 1 2 2
4 vs 4 Defense
Defense Defense Time % Phy DF OF
1 Kris Letang Drew Doughty 50 1 2 2
2 Jeff Petry Ryan McDonagh 50 1 2 2
Last Minutes Offensive
Center Left Wing Right Wing Defense Defense
J.T. Miller Matthew Tkachuk Zach Hyman Kris Letang Drew Doughty
Last Minutes Defensive
Center Left Wing Right Wing Defense Defense
J.T. Miller Sebastian Aho Valeri Nichushkin Kris Letang Drew Doughty
Goaltenders
Starting : Ilya Sorokin
Backup : Samuel Montembeault
Extra Forwards
Normal : Nic Dowd, Joel Eriksson Ek, Mathieu Joseph - PP : Nic Dowd, Joel Eriksson Ek - PK : Mathieu Joseph
Extra Defensemen
Normal : Rasmus Andersson, Michael Anderson, Jeff Petry - PP : Rasmus Andersson - PK : Michael Anderson, Jeff Petry
Penalty Shots
J.T. Miller, Matthew Tkachuk, Sebastian Aho, Logan Couture, Joel Eriksson Ek
% Time on Ice - Minnesota North Stars
Lines # - Real PCT - Wanted PCT - Time Play
Normal Forward
1 - 30% - 30% - 13:56
2 - 30% - 30% - 14:01
3 - 24% - 25% - 11:24
4 - 16% - 15% - 7:31
Normal Defense
1 - 35% - 35% - 16:26
2 - 35% - 35% - 16:37
3 - 29% - 30% - 13:49
4 - 0% - 0% - 0:00
PP Forward
1 - 51% - 50% - 2:06
2 - 49% - 50% - 2:01
PP Defense
1 - 49% - 50% - 2:01
2 - 51% - 50% - 2:06
PK Forward
1 - 50% - 50% - 4:31
2 - 50% - 50% - 4:30
PK Defense
1 - 47% - 50% - 4:14
2 - 53% - 50% - 4:47
PK3 Forward
1 - 0% - 50%
2 - 0% - 50%
PK3 Defense
1 - 0% - 50%
2 - 0% - 50%
44 Forward
1 - 0% - 50%
2 - 0% - 50%
44 Defense
1 - 0% - 50%
2 - 0% - 50%
Last Minute Offensive - 0:00
Last Minute Defensive - 0:00
Total
Forward - 60:00
Defense - 60:00
|
% Time on Ice - Calgary Flames
Lines # - Real PCT - Wanted PCT - Time Play
Normal Forward
1 - 28% - 31% - 13:17
2 - 29% - 30% - 13:46
3 - 28% - 29% - 13:03
4 - 14% - 10% - 6:43
Normal Defense
1 - 35% - 35% - 16:24
2 - 35% - 35% - 16:20
3 - 28% - 30% - 13:17
4 - 2% - 0% - 0:48
PP Forward
1 - 49% - 50% - 4:25
2 - 51% - 50% - 4:36
PP Defense
1 - 51% - 50% - 4:37
2 - 49% - 50% - 4:24
PK Forward
1 - 50% - 50% - 2:04
2 - 50% - 50% - 2:03
PK Defense
1 - 40% - 50% - 1:40
2 - 60% - 50% - 2:27
PK3 Forward
1 - 0% - 50%
2 - 0% - 50%
PK3 Defense
1 - 0% - 50%
2 - 0% - 50%
44 Forward
1 - 0% - 50%
2 - 0% - 50%
44 Defense
1 - 0% - 50%
2 - 0% - 50%
Last Minute Offensive - 0:03
Last Minute Defensive - 0:00
Total
Forward - 60:00
Defense - 60:00
|
Play-by-Play
1st period
0:01 of 1st period - Ryan Nugent-Hopkins wins face-off versus J.T. Miller in neutral zone.
0:01 of 1st period - Jack Hughes is hit by J.T. Miller and loses puck.
0:26 of 1st period - Rasmus Dahlin is hit by Drew Doughty and loses puck.
0:51 of 1st period - Wrist shot by Eeli Tolvanen.
0:51 of 1st period - Stopped by Ilya Sorokin with a rebound.
0:57 of 1st period - Eeli Tolvanen is hit by Rafael Harvey-Pinard.
1:11 of 1st period - Nic Dowd is hit by Adam Lowry and loses puck.
1:41 of 1st period - Minor Penalty to Ryan McDonagh for Interference.
1:42 of 1st period - Ryan Nugent-Hopkins wins face-off versus Joel Eriksson Ek in Calgary Flames zone.
1:42 of 1st period - Snap shot by Jeff Skinner.
1:42 of 1st period - Shot Blocked by Michael Anderson.
3:41 of 1st period - Penalty to Ryan McDonagh is over, Ryan McDonagh is back on ice.
4:07 of 1st period - Snap shot by Evan Rodrigues.
4:07 of 1st period - Stopped by Ilya Sorokin without a rebound.
4:08 of 1st period - J.T. Miller wins face-off versus Jonathan Toews in Calgary Flames zone.
4:16 of 1st period - Off-side.
4:17 of 1st period - Sebastian Aho wins face-off versus Ryan Nugent-Hopkins in neutral zone.
4:38 of 1st period - Kris Letang is hit by Ryan Nugent-Hopkins and loses puck.
5:04 of 1st period - Off-side.
5:05 of 1st period - Evgeni Malkin wins face-off versus Logan Couture in neutral zone.
5:05 of 1st period - Evgeni Malkin is hit by Timo Meier.
5:15 of 1st period - Wrist shot by Timo Meier.
5:15 of 1st period - Goal by Timo Meier - Minnesota North Stars : 0 - Calgary Flames : 1.
5:16 of 1st period - Ryan Nugent-Hopkins wins face-off versus Logan Couture in neutral zone.
6:38 of 1st period - Rasmus Dahlin is hit by Jeff Petry.
6:50 of 1st period - Logan Couture is hit by Gustav Forsling and loses puck.
6:55 of 1st period - Backhand shot by Ryan Nugent-Hopkins.
6:55 of 1st period - Deflect By Jeff Skinner.
6:55 of 1st period - Shot Misses the Net.
6:55 of 1st period - Puck is out of play.
6:56 of 1st period - Logan Couture wins face-off versus Evgeni Malkin in Calgary Flames zone.
7:01 of 1st period - Backhand shot by Timo Meier.
7:01 of 1st period - Shot Blocked by Justin Holl.
7:03 of 1st period - Slapshot by Rasmus Andersson.
7:03 of 1st period - Deflect By Timo Meier.
7:03 of 1st period - Stopped by Antti Raanta with a rebound.
7:05 of 1st period - Slapshot by Michael Anderson.
7:05 of 1st period - Shot Misses the Net.
7:07 of 1st period - Snap shot by Rafael Harvey-Pinard.
7:07 of 1st period - Shot Blocked by Justin Holl.
7:29 of 1st period - Snap shot by Ryan Nugent-Hopkins.
7:29 of 1st period - Shot Misses the Net.
7:31 of 1st period - Slapshot by Neal Pionk.
7:31 of 1st period - Stopped by Ilya Sorokin with a rebound.
7:33 of 1st period - Slapshot by Justin Holl.
7:33 of 1st period - Deflect By Ryan Nugent-Hopkins.
7:33 of 1st period - Shot Misses the Net.
7:33 of 1st period - Puck is out of play.
7:34 of 1st period - J.T. Miller wins face-off versus Jonathan Toews in Calgary Flames zone.
8:01 of 1st period - Rafael Harvey-Pinard is hit by Gustav Forsling.
8:09 of 1st period - Snap shot by Rafael Harvey-Pinard.
8:09 of 1st period - Stopped by Antti Raanta without a rebound.
8:10 of 1st period - Sebastian Aho wins face-off versus Ryan Nugent-Hopkins in Minnesota North Stars zone.
8:21 of 1st period - Snap shot by Sebastian Aho.
8:21 of 1st period - Stopped by Antti Raanta with a rebound.
8:23 of 1st period - Slapshot by Rasmus Andersson.
8:23 of 1st period - Shot Misses the Net.
8:25 of 1st period - Snap shot by Sebastian Aho.
8:25 of 1st period - Stopped by Antti Raanta with a rebound.
8:27 of 1st period - Backhand shot by Zach Hyman.
8:27 of 1st period - Stopped by Antti Raanta without a rebound.
8:28 of 1st period - Logan Couture wins face-off versus Evgeni Malkin in Minnesota North Stars zone.
8:33 of 1st period - Snap shot by Logan Couture.
8:33 of 1st period - Stopped by Antti Raanta without a rebound.
8:34 of 1st period - Evgeni Malkin wins face-off versus Logan Couture in Minnesota North Stars zone.
8:39 of 1st period - Wrist shot by Frank Vatrano.
8:39 of 1st period - Shot Misses the Net.
8:49 of 1st period - Snap shot by Viktor Arvidsson.
8:49 of 1st period - Deflect By Logan Couture.
8:49 of 1st period - Shot Misses the Net.
8:49 of 1st period - Puck is out of play.
8:50 of 1st period - Jonathan Toews wins face-off versus J.T. Miller in Calgary Flames zone.
10:11 of 1st period - Minor Penalty to Justin Holl for Holding.
10:12 of 1st period - Matthew Tkachuk wins face-off versus Ryan Nugent-Hopkins in Minnesota North Stars zone.
10:39 of 1st period - Rasmus Dahlin is hit by Drew Doughty and loses puck.
11:58 of 1st period - Jamie Oleksiak is hit by Kris Letang.
12:11 of 1st period - Penalty to Justin Holl is over, Justin Holl is back on ice.
12:28 of 1st period - Wrist shot by Nic Dowd.
12:28 of 1st period - Shot Misses the Net.
14:21 of 1st period - Minor Penalty to Timo Meier for Elbowing.
14:22 of 1st period - Nic Dowd wins face-off versus Jack Hughes in Calgary Flames zone.
16:21 of 1st period - Penalty to Timo Meier is over, Timo Meier is back on ice.
16:36 of 1st period - Wrist shot by Valeri Nichushkin.
16:36 of 1st period - Shot Misses the Net.
16:42 of 1st period - Minor Penalty to Brandon Montour for Hooking.
16:43 of 1st period - Adam Lowry wins face-off versus Sebastian Aho in Minnesota North Stars zone.
16:49 of 1st period - Icing by Timo Meier.
16:50 of 1st period - Zach Hyman wins face-off versus Ryan Nugent-Hopkins in Calgary Flames zone.
16:59 of 1st period - Wrist shot by Zach Hyman.
16:59 of 1st period - Stopped by Antti Raanta with a rebound.
17:27 of 1st period - Snap shot by Timo Meier.
17:27 of 1st period - Shot Misses the Net.
17:44 of 1st period - Off-side.
17:45 of 1st period - J.T. Miller wins face-off versus Ryan Nugent-Hopkins in neutral zone.
18:42 of 1st period - Penalty to Brandon Montour is over, Brandon Montour is back on ice.
18:46 of 1st period - Snap shot by Evgeni Malkin.
18:46 of 1st period - Stopped by Ilya Sorokin with a rebound.
19:44 of 1st period - Nic Dowd is hit by Neal Pionk and loses puck.
Goals for this period are 0 for Minnesota North Stars vs 1 for Calgary Flames.
Shots for this period are 4 for Minnesota North Stars vs 8 for Calgary Flames.
2nd period
0:01 of 2nd period - J.T. Miller wins face-off versus Jonathan Toews in neutral zone.
0:08 of 2nd period - Slapshot by Valeri Nichushkin.
0:08 of 2nd period - Stopped by Antti Raanta with a rebound.
0:12 of 2nd period - Snap shot by Matthew Tkachuk.
0:12 of 2nd period - Shot Blocked by Jamie Oleksiak.
0:14 of 2nd period - Slapshot by Ryan McDonagh.
0:14 of 2nd period - Shot Blocked by Jonathan Toews.
0:26 of 2nd period - Viktor Arvidsson is hit by Jeff Petry and loses puck.
0:32 of 2nd period - Icing by Jamie Oleksiak.
0:33 of 2nd period - Sebastian Aho wins face-off versus Evgeni Malkin in Minnesota North Stars zone.
0:40 of 2nd period - Snap shot by Sebastian Aho.
0:40 of 2nd period - Deflect By Zach Hyman.
0:40 of 2nd period - Shot Misses the Net.
0:40 of 2nd period - Puck is out of play.
0:41 of 2nd period - Sebastian Aho wins face-off versus Ryan Nugent-Hopkins in Minnesota North Stars zone.
0:45 of 2nd period - Minor Penalty to Rasmus Dahlin for Roughing.
0:46 of 2nd period - Evgeni Malkin wins face-off versus J.T. Miller in Minnesota North Stars zone.
1:16 of 2nd period - Matthew Tkachuk is hit by Jamie Oleksiak and loses puck.
1:23 of 2nd period - Slapshot by Ryan McDonagh.
1:23 of 2nd period - Deflect By Matthew Tkachuk.
1:23 of 2nd period - Stopped by Antti Raanta with a rebound.
1:29 of 2nd period - Wrist shot by Valeri Nichushkin.
1:29 of 2nd period - Shot Misses the Net.
1:31 of 2nd period - Wrist shot by J.T. Miller.
1:31 of 2nd period - Shot Misses the Net.
1:33 of 2nd period - Slapshot by Jeff Petry.
1:33 of 2nd period - Deflect By Evgeni Malkin.
1:33 of 2nd period - Stopped by Antti Raanta without a rebound.
1:34 of 2nd period - Ryan Nugent-Hopkins wins face-off versus Sebastian Aho in Minnesota North Stars zone.
1:39 of 2nd period - Sebastian Aho is hit by Gustav Forsling and loses puck.
2:45 of 2nd period - Penalty to Rasmus Dahlin is over, Rasmus Dahlin is back on ice.
2:55 of 2nd period - Brandon Montour is hit by Mathieu Joseph.
3:17 of 2nd period - Slapshot by Evgeni Malkin.
3:17 of 2nd period - Stopped by Ilya Sorokin with a rebound.
3:30 of 2nd period - Wrist shot by Nic Dowd.
3:30 of 2nd period - Stopped by Antti Raanta with a rebound.
3:32 of 2nd period - Slapshot by Rasmus Andersson.
3:32 of 2nd period - Deflect By Jacob Peterson.
3:32 of 2nd period - Stopped by Antti Raanta without a rebound.
3:33 of 2nd period - Timo Meier wins face-off versus Ryan Nugent-Hopkins in Minnesota North Stars zone.
5:02 of 2nd period - Snap shot by Valeri Nichushkin.
5:02 of 2nd period - Shot Misses the Net.
5:04 of 2nd period - Wrist shot by Matthew Tkachuk.
5:04 of 2nd period - Stopped by Antti Raanta with a rebound.
5:06 of 2nd period - Snap shot by J.T. Miller.
5:06 of 2nd period - Stopped by Antti Raanta without a rebound.
5:07 of 2nd period - Sebastian Aho wins face-off versus Ryan Nugent-Hopkins in Minnesota North Stars zone.
5:19 of 2nd period - Icing by Ryan McDonagh.
5:20 of 2nd period - Jonathan Toews wins face-off versus Sebastian Aho in Calgary Flames zone.
5:35 of 2nd period - Snap shot by Jonathan Toews.
5:35 of 2nd period - Stopped by Ilya Sorokin with a rebound.
6:07 of 2nd period - Jeff Petry is hit by Jamie Oleksiak and loses puck.
6:32 of 2nd period - Snap shot by Mathieu Joseph.
6:32 of 2nd period - Shot Misses the Net.
6:34 of 2nd period - Slapshot by Jeff Petry.
6:34 of 2nd period - Stopped by Antti Raanta without a rebound.
6:35 of 2nd period - Jonathan Toews wins face-off versus J.T. Miller in Minnesota North Stars zone.
6:46 of 2nd period - Snap shot by Jonathan Toews.
6:46 of 2nd period - Deflect By Alexander Barabanov.
6:46 of 2nd period - Stopped by Ilya Sorokin without a rebound.
6:47 of 2nd period - Adam Lowry wins face-off versus J.T. Miller in Calgary Flames zone.
7:32 of 2nd period - Icing by Sebastian Aho.
7:33 of 2nd period - Evgeni Malkin wins face-off versus Sebastian Aho in Calgary Flames zone.
7:34 of 2nd period - Slapshot by Viktor Arvidsson.
7:34 of 2nd period - Stopped by Ilya Sorokin without a rebound.
7:35 of 2nd period - J.T. Miller wins face-off versus Jonathan Toews in Calgary Flames zone.
7:35 of 2nd period - Valeri Nichushkin is hit by Adam Lowry and loses puck.
7:46 of 2nd period - Wrist shot by J.T. Miller.
7:46 of 2nd period - Shot Misses the Net.
7:48 of 2nd period - Slapshot by Kris Letang.
7:48 of 2nd period - Shot Blocked by Brandon Montour.
7:50 of 2nd period - Slapshot by Drew Doughty.
7:50 of 2nd period - Stopped by Antti Raanta without a rebound.
7:51 of 2nd period - Evgeni Malkin wins face-off versus Logan Couture in Minnesota North Stars zone.
8:04 of 2nd period - Snap shot by Viktor Arvidsson.
8:04 of 2nd period - Stopped by Ilya Sorokin without a rebound.
8:05 of 2nd period - J.T. Miller wins face-off versus Ryan Nugent-Hopkins in Calgary Flames zone.
8:05 of 2nd period - J.T. Miller is hit by Jack Hughes.
8:15 of 2nd period - Slapshot by Drew Doughty.
8:15 of 2nd period - Deflect By Brandon Montour.
8:15 of 2nd period - Stopped by Antti Raanta without a rebound.
8:16 of 2nd period - J.T. Miller wins face-off versus Ryan Nugent-Hopkins in Minnesota North Stars zone.
8:43 of 2nd period - Sebastian Aho is hit by Frank Vatrano and loses puck.
9:14 of 2nd period - Wrist shot by Alexander Barabanov.
9:14 of 2nd period - Stopped by Ilya Sorokin with a rebound.
9:16 of 2nd period - Snap shot by Alexander Barabanov.
9:16 of 2nd period - Stopped by Ilya Sorokin with a rebound.
10:10 of 2nd period - Snap shot by Evgeni Malkin.
10:10 of 2nd period - Shot Misses the Net.
10:12 of 2nd period - Wrist shot by Frank Vatrano.
10:12 of 2nd period - Stopped by Ilya Sorokin with a rebound.
10:14 of 2nd period - Wrist shot by Viktor Arvidsson.
10:14 of 2nd period - Shot Blocked by Jeff Petry.
10:16 of 2nd period - Wrist shot by Viktor Arvidsson.
10:16 of 2nd period - Stopped by Ilya Sorokin with a rebound.
10:18 of 2nd period - Slapshot by Jamie Oleksiak.
10:18 of 2nd period - Stopped by Ilya Sorokin with a rebound.
10:20 of 2nd period - Snap shot by Evgeni Malkin.
10:20 of 2nd period - Goal by Evgeni Malkin - Minnesota North Stars : 1 - Calgary Flames : 1.
10:21 of 2nd period - Jonathan Toews wins face-off versus J.T. Miller in neutral zone.
10:26 of 2nd period - Slapshot by Alexander Barabanov.
10:26 of 2nd period - Stopped by Ilya Sorokin with a rebound.
10:28 of 2nd period - Backhand shot by Alexander Barabanov.
10:28 of 2nd period - Shot Blocked by Drew Doughty.
10:30 of 2nd period - Wrist shot by Jonathan Toews.
10:30 of 2nd period - Shot Blocked by Kris Letang.
10:32 of 2nd period - Slapshot by Brandon Montour.
10:32 of 2nd period - Stopped by Ilya Sorokin without a rebound.
10:33 of 2nd period - Logan Couture wins face-off versus Jonathan Toews in Calgary Flames zone.
10:45 of 2nd period - Slapshot by Rasmus Dahlin.
10:45 of 2nd period - Shot Blocked by Kris Letang.
11:05 of 2nd period - Wrist shot by Sebastian Aho.
11:05 of 2nd period - Goal by Sebastian Aho - Minnesota North Stars : 1 - Calgary Flames : 2.
11:06 of 2nd period - J.T. Miller wins face-off versus Ryan Nugent-Hopkins in neutral zone.
11:44 of 2nd period - Icing by Jamie Oleksiak.
11:45 of 2nd period - J.T. Miller wins face-off versus Evgeni Malkin in Minnesota North Stars zone.
13:02 of 2nd period - Snap shot by Evgeni Malkin.
13:02 of 2nd period - Goal by Evgeni Malkin - Minnesota North Stars : 2 - Calgary Flames : 2.
13:03 of 2nd period - J.T. Miller wins face-off versus Ryan Nugent-Hopkins in neutral zone.
13:18 of 2nd period - Wrist shot by Matthew Tkachuk.
13:18 of 2nd period - Stopped by Antti Raanta without a rebound.
13:19 of 2nd period - Jonathan Toews wins face-off versus Logan Couture in Minnesota North Stars zone.
13:23 of 2nd period - Off-side.
13:24 of 2nd period - Jonathan Toews wins face-off versus Logan Couture in neutral zone.
13:37 of 2nd period - Snap shot by Timo Meier.
13:37 of 2nd period - Goal by Timo Meier - Minnesota North Stars : 2 - Calgary Flames : 3.
13:38 of 2nd period - Jack Hughes wins face-off versus Sebastian Aho in neutral zone.
14:12 of 2nd period - Adam Lowry is hit by J.T. Miller and loses puck.
14:19 of 2nd period - Jonathan Toews is hit by Kris Letang and loses puck.
14:38 of 2nd period - Slapshot by Logan Couture.
14:38 of 2nd period - Shot Misses the Net.
15:36 of 2nd period - Wrist shot by Alexander Barabanov.
15:36 of 2nd period - Stopped by Ilya Sorokin without a rebound.
15:37 of 2nd period - Logan Couture wins face-off versus Jonathan Toews in Calgary Flames zone.
15:42 of 2nd period - Rasmus Andersson is hit by Jonathan Toews and loses puck.
15:47 of 2nd period - Snap shot by Jonathan Toews.
15:47 of 2nd period - Goal by Jonathan Toews - Minnesota North Stars : 3 - Calgary Flames : 3.
15:48 of 2nd period - J.T. Miller wins face-off versus Ryan Nugent-Hopkins in neutral zone.
15:57 of 2nd period - Snap shot by Matthew Tkachuk.
15:57 of 2nd period - Stopped by Antti Raanta with a rebound.
17:04 of 2nd period - Wrist shot by J.T. Miller.
17:04 of 2nd period - Stopped by Antti Raanta with a rebound.
17:50 of 2nd period - Backhand shot by Zach Hyman.
17:50 of 2nd period - Stopped by Antti Raanta without a rebound.
17:51 of 2nd period - Jonathan Toews wins face-off versus J.T. Miller in Minnesota North Stars zone.
18:53 of 2nd period - Wrist shot by Sebastian Aho.
18:53 of 2nd period - Stopped by Antti Raanta with a rebound.
19:47 of 2nd period - Ryan McDonagh is hit by Brandon Montour and loses puck.
Goals for this period are 3 for Minnesota North Stars vs 2 for Calgary Flames.
Shots for this period are 16 for Minnesota North Stars vs 17 for Calgary Flames.
3rd period
0:01 of 3rd period - Ryan Nugent-Hopkins wins face-off versus Sebastian Aho in neutral zone.
0:50 of 3rd period - Snap shot by Viktor Arvidsson.
0:50 of 3rd period - Stopped by Ilya Sorokin with a rebound.
0:52 of 3rd period - Slapshot by Justin Holl.
0:52 of 3rd period - Stopped by Ilya Sorokin without a rebound.
0:53 of 3rd period - Ryan Nugent-Hopkins wins face-off versus Logan Couture in Calgary Flames zone.
2:07 of 3rd period - Wrist shot by Eeli Tolvanen.
2:07 of 3rd period - Shot Misses the Net.
2:09 of 3rd period - Slapshot by Neal Pionk.
2:09 of 3rd period - Shot Blocked by Jacob Peterson.
2:11 of 3rd period - Slapshot by Neal Pionk.
2:11 of 3rd period - Stopped by Ilya Sorokin with a rebound.
2:15 of 3rd period - Slapshot by Derick Brassard.
2:15 of 3rd period - Stopped by Ilya Sorokin without a rebound.
2:16 of 3rd period - Sebastian Aho wins face-off versus Ryan Nugent-Hopkins in Calgary Flames zone.
2:45 of 3rd period - Frank Vatrano is hit by Matthew Tkachuk and loses puck.
2:55 of 3rd period - Slapshot by Viktor Arvidsson.
2:55 of 3rd period - Deflect By Evgeni Malkin.
2:55 of 3rd period - Shot Misses the Net.
2:55 of 3rd period - Puck is out of play.
2:56 of 3rd period - Logan Couture wins face-off versus Jonathan Toews in Calgary Flames zone.
3:05 of 3rd period - Backhand shot by Jeff Petry.
3:05 of 3rd period - Stopped by Antti Raanta without a rebound.
3:06 of 3rd period - Jonathan Toews wins face-off versus Timo Meier in Minnesota North Stars zone.
3:37 of 3rd period - Snap shot by Alexander Barabanov.
3:37 of 3rd period - Shot Misses the Net.
3:51 of 3rd period - Snap shot by Logan Couture.
3:51 of 3rd period - Stopped by Antti Raanta without a rebound.
3:52 of 3rd period - J.T. Miller wins face-off versus Ryan Nugent-Hopkins in Minnesota North Stars zone.
3:57 of 3rd period - Wrist shot by Valeri Nichushkin.
3:57 of 3rd period - Stopped by Antti Raanta without a rebound.
3:58 of 3rd period - Ryan Nugent-Hopkins wins face-off versus J.T. Miller in Minnesota North Stars zone.
4:36 of 3rd period - Slapshot by Valeri Nichushkin.
4:36 of 3rd period - Stopped by Antti Raanta without a rebound.
4:37 of 3rd period - Sebastian Aho wins face-off versus Evgeni Malkin in Minnesota North Stars zone.
4:44 of 3rd period - Snap shot by Zach Hyman.
4:44 of 3rd period - Deflect By Evgeni Malkin.
4:44 of 3rd period - Shot Misses the Net.
4:44 of 3rd period - Puck is out of play.
4:45 of 3rd period - Sebastian Aho wins face-off versus Evgeni Malkin in Minnesota North Stars zone.
6:39 of 3rd period - Backhand shot by Timo Meier.
6:39 of 3rd period - Stopped by Antti Raanta with a rebound.
6:41 of 3rd period - Wrist shot by Timo Meier.
6:41 of 3rd period - Shot Misses the Net.
6:43 of 3rd period - Snap shot by Rafael Harvey-Pinard.
6:43 of 3rd period - Stopped by Antti Raanta with a rebound.
6:45 of 3rd period - Slapshot by Kris Letang.
6:45 of 3rd period - Shot Blocked by Adam Lowry.
6:57 of 3rd period - Wrist shot by Derick Brassard.
6:57 of 3rd period - Shot Blocked by Kris Letang.
6:59 of 3rd period - Slapshot by Gustav Forsling.
6:59 of 3rd period - Shot Blocked by J.T. Miller.
7:21 of 3rd period - Snap shot by Ryan Nugent-Hopkins.
7:21 of 3rd period - Shot Misses the Net.
7:23 of 3rd period - Slapshot by Jack Hughes.
7:23 of 3rd period - Stopped by Ilya Sorokin with a rebound.
7:25 of 3rd period - Slapshot by Gustav Forsling.
7:25 of 3rd period - Stopped by Ilya Sorokin without a rebound.
7:26 of 3rd period - Viktor Arvidsson wins face-off versus Sebastian Aho in Calgary Flames zone.
7:30 of 3rd period - Minor Penalty to Joel Eriksson Ek for Delaying the game.
7:31 of 3rd period - Evgeni Malkin wins face-off versus Mathieu Joseph in Calgary Flames zone.
7:33 of 3rd period - Snap shot by Viktor Arvidsson.
7:33 of 3rd period - Deflect By Evgeni Malkin.
7:33 of 3rd period - Stopped by Ilya Sorokin with a rebound.
7:35 of 3rd period - Slapshot by Brandon Montour.
7:35 of 3rd period - Deflect By Viktor Arvidsson.
7:35 of 3rd period - Stopped by Ilya Sorokin without a rebound.
7:36 of 3rd period - Evgeni Malkin wins face-off versus Rafael Harvey-Pinard in Calgary Flames zone.
7:39 of 3rd period - Wrist shot by Evgeni Malkin.
7:39 of 3rd period - Goal by Evgeni Malkin - Minnesota North Stars : 4 - Calgary Flames : 3.
7:40 of 3rd period - Evgeni Malkin wins face-off versus Sebastian Aho in neutral zone.
7:42 of 3rd period - Off-side.
7:43 of 3rd period - Sebastian Aho wins face-off versus Evgeni Malkin in neutral zone.
7:52 of 3rd period - Off-side.
7:53 of 3rd period - Sebastian Aho wins face-off versus Evgeni Malkin in neutral zone.
7:55 of 3rd period - Kris Letang is hit by Justin Holl and loses puck.
7:58 of 3rd period - Snap shot by Zach Hyman.
7:58 of 3rd period - Stopped by Antti Raanta with a rebound.
8:04 of 3rd period - Wrist shot by Sebastian Aho.
8:04 of 3rd period - Stopped by Antti Raanta without a rebound.
8:05 of 3rd period - Sebastian Aho wins face-off versus Ryan Nugent-Hopkins in Minnesota North Stars zone.
8:22 of 3rd period - Snap shot by Ryan Nugent-Hopkins.
8:22 of 3rd period - Shot Misses the Net.
8:53 of 3rd period - Wrist shot by Brandon Montour.
8:53 of 3rd period - Deflect By Jonathan Toews.
8:53 of 3rd period - Shot Blocked by Ryan McDonagh.
8:53 of 3rd period - Puck is out of play.
8:54 of 3rd period - Logan Couture wins face-off versus Jonathan Toews in Calgary Flames zone.
8:54 of 3rd period - Logan Couture is hit by Adam Lowry.
9:51 of 3rd period - Snap shot by Viktor Arvidsson.
9:51 of 3rd period - Stopped by Ilya Sorokin with a rebound.
10:29 of 3rd period - Snap shot by Valeri Nichushkin.
10:29 of 3rd period - Shot Blocked by Justin Holl.
10:31 of 3rd period - Wrist shot by Valeri Nichushkin.
10:31 of 3rd period - Shot Misses the Net.
10:47 of 3rd period - Eeli Tolvanen is hit by Logan Couture and loses puck.
10:56 of 3rd period - Backhand shot by Logan Couture.
10:56 of 3rd period - Stopped by Antti Raanta with a rebound.
10:58 of 3rd period - Wrist shot by Jeff Petry.
10:58 of 3rd period - Stopped by Antti Raanta without a rebound.
10:59 of 3rd period - Sebastian Aho wins face-off versus Evgeni Malkin in Minnesota North Stars zone.
11:02 of 3rd period - Wrist shot by Zach Hyman.
11:02 of 3rd period - Stopped by Antti Raanta with a rebound.
11:35 of 3rd period - Wrist shot by Ryan Nugent-Hopkins.
11:35 of 3rd period - Stopped by Ilya Sorokin without a rebound.
11:36 of 3rd period - Evgeni Malkin wins face-off versus Logan Couture in Calgary Flames zone.
13:10 of 3rd period - Snap shot by Rasmus Dahlin.
13:10 of 3rd period - Deflect By Logan Couture.
13:10 of 3rd period - Goal by Rasmus Dahlin - Minnesota North Stars : 5 - Calgary Flames : 3.
13:11 of 3rd period - Ryan Nugent-Hopkins wins face-off versus Logan Couture in neutral zone.
13:22 of 3rd period - Slapshot by Timo Meier.
13:22 of 3rd period - Shot Misses the Net.
13:48 of 3rd period - Wrist shot by Alexander Barabanov.
13:48 of 3rd period - Stopped by Ilya Sorokin without a rebound.
13:49 of 3rd period - Evgeni Malkin wins face-off versus Valeri Nichushkin in Calgary Flames zone.
13:50 of 3rd period - Slapshot by Viktor Arvidsson.
13:50 of 3rd period - Shot Misses the Net.
13:52 of 3rd period - Slapshot by Rasmus Dahlin.
13:52 of 3rd period - Stopped by Ilya Sorokin without a rebound.
13:53 of 3rd period - J.T. Miller wins face-off versus Evgeni Malkin in Calgary Flames zone.
14:09 of 3rd period - Slapshot by Rasmus Dahlin.
14:09 of 3rd period - Stopped by Ilya Sorokin with a rebound.
14:19 of 3rd period - Alexander Barabanov is hit by Jeff Petry and loses puck.
14:26 of 3rd period - Slapshot by Gustav Forsling.
14:26 of 3rd period - Stopped by Ilya Sorokin without a rebound.
14:27 of 3rd period - Logan Couture wins face-off versus Ryan Nugent-Hopkins in Calgary Flames zone.
14:50 of 3rd period - Minor Penalty to Jamie Oleksiak for Cross-checking.
14:51 of 3rd period - Evgeni Malkin wins face-off versus Sebastian Aho in Minnesota North Stars zone.
14:51 of 3rd period - Evgeni Malkin is hit by Zach Hyman.
15:01 of 3rd period - Gustav Forsling is hit by Timo Meier and loses puck.
15:31 of 3rd period - Slapshot by Drew Doughty.
15:31 of 3rd period - Shot Misses the Net.
15:37 of 3rd period - Wrist shot by Timo Meier.
15:37 of 3rd period - Deflect By Sebastian Aho.
15:37 of 3rd period - Shot Misses the Net.
15:37 of 3rd period - Puck is out of play.
15:38 of 3rd period - Ryan Nugent-Hopkins wins face-off versus J.T. Miller in Minnesota North Stars zone.
15:47 of 3rd period - Slapshot by Matthew Tkachuk.
15:47 of 3rd period - Shot Blocked by Brandon Montour.
15:49 of 3rd period - Wrist shot by Valeri Nichushkin.
15:49 of 3rd period - Shot Blocked by Justin Holl.
15:51 of 3rd period - Slapshot by Ryan McDonagh.
15:51 of 3rd period - Shot Blocked by Brandon Montour.
15:53 of 3rd period - Snap shot by Valeri Nichushkin.
15:53 of 3rd period - Shot Blocked by Evgeni Malkin.
15:55 of 3rd period - Slapshot by Ryan McDonagh.
15:55 of 3rd period - Goal by Ryan McDonagh - Minnesota North Stars : 5 - Calgary Flames : 4.
15:56 of 3rd period - Logan Couture wins face-off versus Jonathan Toews in neutral zone.
16:00 of 3rd period - Rasmus Andersson is hit by Jonathan Toews and loses puck.
16:07 of 3rd period - Alexander Barabanov is hit by Rafael Harvey-Pinard and loses puck.
16:09 of 3rd period - Minor Penalty to Adam Lowry for Hooking.
16:10 of 3rd period - J.T. Miller wins face-off versus Ryan Nugent-Hopkins in Minnesota North Stars zone.
16:11 of 3rd period - Snap shot by Matthew Tkachuk.
16:11 of 3rd period - Shot Misses the Net.
17:24 of 3rd period - Icing by Sebastian Aho.
17:25 of 3rd period - Evgeni Malkin wins face-off versus Sebastian Aho in Calgary Flames zone.
18:09 of 3rd period - Penalty to Adam Lowry is over, Adam Lowry is back on ice.
18:17 of 3rd period - Slapshot by Neal Pionk.
18:17 of 3rd period - Stopped by Ilya Sorokin with a rebound.
18:35 of 3rd period - Calgary Flames, Ilya Sorokin is pulled from the net.
18:35 of 3rd period - Snap shot by Joel Eriksson Ek.
18:35 of 3rd period - Shot Misses the Net.
18:53 of 3rd period - Snap shot by Jeff Skinner.
18:53 of 3rd period - Goal by Jeff Skinner - Minnesota North Stars : 6 - Calgary Flames : 4.
18:53 of 3rd period - Ilya Sorokin from Calgary Flames was sent back in the game.
18:54 of 3rd period - Logan Couture wins face-off versus Jonathan Toews in neutral zone.
18:57 of 3rd period - Jamie Oleksiak is hit by Jeff Petry and loses puck.
Goals for this period are 3 for Minnesota North Stars vs 1 for Calgary Flames.
Shots for this period are 18 for Minnesota North Stars vs 12 for Calgary Flames.
Back to the Top